 Dungeon Crawl Stone Soup version 0.25-a0-190-g27fffb8c76 (webtiles) character file.

Game seed: 4610417601046299960, levelgen mode: deterministic

5724 Goreval the Martial Artist (level 10, -7/79 HPs)
             Began as an Octopode Transmuter on Nov 30, 2019.
             Was a High Priest of Cheibriados.
             Mangled by an eight-headed hydra (14 damage)
             ... on level 10 of the Dungeon.
             The game lasted 00:48:13 (12073 turns).

Goreval the Martial Artist (Octopode Transmuter)   Turns: 12073, Time: 00:48:14

Health: -7/79      AC:  9    Str: 24    XL:     10   Next: 77%
Magic:  11/17      EV: 18    Int: 35    God:    Cheibriados [*****.]
Gold:   814        SH:  3    Dex: 28    Spells: 4/19 levels left

rFire    x . .     SeeInvis .     - Unarmed
rCold    + + +     Gourm    .   (shield currently unavailable)
rNeg     + . .     Faith    .   (helmet currently unavailable)
rPois    +         Spirit   .   x - +3 amulet of reflection
rElec    .         Reflect  +   J - ring of positive energy
rCorr    .         Harm     .   r - ring of protection from magic
MR       ++...                  t - ring of protection from magic
Stlth    +++.......             u - +3 ring of evasion
HPRegen  0.23/turn              y - +2 ring of protection
MPRegen  0.15/turn              p - ring of wizardry
                                g - +4 ring of intelligence
                                G - ring of stealth

@: ice-form, very slow
A: large, almost no armour, stealthy swim, amphibious, 8 rings, (constrict 8)
a: End Transformation, Bend Time, Temporal Distortion, Slouch, Step From Time,
Renounce Religion


You were on level 10 of the Dungeon.
You worshipped Cheibriados.
Cheibriados was extremely pleased with you.
You were not hungry.
You were a creature of crystalline ice.
You visited 1 branch of the dungeon, and saw 11 of its levels.

You collected 830 gold pieces.
You spent 16 gold pieces at shops.

Inventory:

Missiles
 a - 104 arrows
 d - 327 stones
 z - 12 boomerangs (quivered)
 F - a throwing net
Armour
 B - a cursed +0 buckler (melded)
Jewellery
 g - a +4 ring of intelligence (on tentacle)
 j - an uncursed ring of flight
 p - a ring of wizardry (on tentacle)
 r - a ring of protection from magic (right front paw)
 t - a ring of protection from magic (on tentacle)
 u - a +3 ring of evasion (on tentacle)
 x - a +3 amulet of reflection (around neck)
 y - a +2 ring of protection (on tentacle)
 G - a ring of stealth (on tentacle)
 J - a ring of positive energy (left front paw)
Wands
 m - a wand of polymorph (11)
 o - a wand of disintegration (14)
 E - a wand of iceblast (27)
Scrolls
 b - 4 scrolls of remove curse
 f - 2 scrolls of immolation
 h - 2 scrolls of teleportation
 i - 2 scrolls of identify
 k - 3 scrolls of fear
 l - 2 scrolls of fog
 n - 2 scrolls of amnesia
 w - 2 scrolls of enchant weapon {unknown}
 H - a scroll of blinking
 K - a scroll of magic mapping
Potions
 e - a potion of might
 q - 4 potions of curing
 s - a potion of cancellation
 v - 2 potions of heal wounds
 A - 2 potions of brilliance
 C - a potion of flight
 I - a potion of mutation
Comestibles
 c - 23 rations


   Skills:
 + Level 5.3 Fighting
 + Level 0.5 Throwing
 + Level 5.7 Dodging
 - Level 4.0 Shields
 * Level 8.3 Unarmed Combat
 + Level 5.2 Spellcasting
 + Level 7.3 Transmutations
 - Level 2.1 Ice Magic
 - Level 3.0 Poison Magic
 + Level 4.7 Invocations


You had 4 spell levels left.
You knew the following spells:

 Your Spells              Type           Power        Failure   Level  Hunger
a - Beastly Appendage     Tmut           ######       1%          1    None
b - Ice Form              Ice/Tmut       #####...     2%          4    ###....
c - Spider Form           Tmut/Pois      #####.....   1%          3    None
d - Blade Hands           Tmut           ######....   2%          5    #####..
z - Sticks to Snakes      Tmut           ######..     1%          2    None

Your spell library contained the following spells:

 Spells                   Type           Power        Failure   Level  Hunger
 Gell's Gravitas          Tloc           #.........   4%          3    None
 Recall                   Summ/Tloc      N/A          4%          3    None
 Static Discharge         Conj/Air       #.......     4%          3    None
 Lightning Bolt           Conj/Air       #.........   41%         5    #####..


Dungeon Overview and Level Annotations

Branches:
Dungeon (11/15)            Temple (0/1) D:4             Orc (0/2) D:10
   Lair: D:8-11

Altars:
Cheibriados
Hepliaklqana
Kikubaaqudgha
Nemelex Xobeh
Okawaru
Xom
Zin
The Shining One

Shops:
D:5 }   D:6 [

Annotations:
D:7 exclusion: centaur


Innate Abilities, Weirdness & Mutations

You cannot wear most types of armour.
You are very stealthy in the water. (Stealth+)
You are amphibious.
You can wear up to eight rings at the same time.
((You can use your tentacles to constrict eight enemies at once.))
((Your skin changes colour to match your surroundings (Stealth+).))
((Your rubbery body absorbs attacks. (AC +1, EV +1)))


Message History

The eight-headed hydra seems to slow down.
You freeze the eight-headed hydra.
The eight-headed hydra barely misses you.
The eight-headed hydra bites you!!
The eight-headed hydra bites you but does no damage.
The eight-headed hydra bites you.
* * * LOW HITPOINT WARNING * * *
You block the eight-headed hydra's attack. x2
The eight-headed hydra bites you.
* * * LOW HITPOINT WARNING * * *
The eight-headed hydra bites you but does no damage.
You punch the eight-headed hydra! You freeze the eight-headed hydra.
The eight-headed hydra bites you but does no damage.
The eight-headed hydra bites you!
* * * LOW HITPOINT WARNING * * *
The eight-headed hydra closely misses you.
The eight-headed hydra barely misses you.
The eight-headed hydra completely misses you.
The eight-headed hydra bites you!
You die...

.......................####.....#
...............................##
...............................#
.......#########...............#
.......#.......########........#
.......#..............#........#
....####..............#........#
....#............D....#........#
....#...........Y.....#........#
....#..........)[.[?..#........#
....#############'##'##........#
...............................##
................................#
...............##'######........#
.##'##'#.......#.......#........#
.#.....#########.......+........#
.#............†........#........#


You could see an eight-headed hydra.

Vanquished Creatures
  A troll (D:10)
  Grinder (D:6)
  A hornet (D:10)
  2 hippogriffs
  A yak (D:10)
  A wyvern (D:10)
  A porcupine (D:10)
  2 sky beasts
  4 orc warriors
  A necrophage (D:7)
  A black bear (D:10)
  A phantom (D:5)
  3 centaurs
  6 ogres
  A crocodile (D:8)
  2 big kobolds
  7 bullfrogs
  5 scorpions
  12 killer bees
  A howler monkey (D:9)
  2 bullfrog zombies (D:10)
  6 crimson imps
  3 hounds
  4 jellies
  3 orc priests
  11 orc wizards
  An iguana (D:4)
  7 worker ants
  A killer bee zombie (D:6)
  A hound skeleton (D:9)
  A howler monkey zombie (D:9)
  A howler monkey skeleton (D:8)
  8 adders
  2 shadow imps
  An ooze (D:6)
  An adder skeleton (D:4)
  2 adder zombies
  2 worms
  2 dart slugs
  6 leopard geckos
  32 orcs
  6 giant cockroaches
  6 goblins
  8 hobgoblins
  12 jackals
  3 quokkas
  10 bats
  8 frilled lizards
  A giant cockroach zombie (D:5)
  16 kobolds
  9 rats
  A plant (D:3)
231 creatures vanquished.

Vanquished Creatures (collateral kills)
  A worker ant (D:4)
1 creature vanquished.

Vanquished Creatures (others)
  4 fungi (D:11)
4 creatures vanquished.

Grand Total: 236 creatures vanquished

Notes
Turn   | Place    | Note
-------+----------+-------------------------------------------
     0 | D:1      | Goreval the Octopode Transmuter began the quest for the
                  | Orb.
     0 | D:1      | Reached XP level 1. HP: 13/13 MP: 3/3
   105 | D:1      | Reached XP level 2. HP: 9/18 MP: 5/5
   295 | D:1      | Learned a level 2 spell: Sticks to Snakes
   483 | D:1      | Found a shimmering altar of Xom.
   851 | D:1      | Reached XP level 3. HP: 22/23 MP: 6/6
   856 | D:1      | Learned a level 3 spell: Spider Form
  1649 | D:2      | Reached skill level 1 in Poison Magic
  1649 | D:2      | Reached XP level 4. HP: 28/28 MP: 7/7
  3071 | D:3      | Found a snail-covered altar of Cheibriados.
  3079 | D:3      | Became a worshipper of Cheibriados the Contemplative
  3413 | D:4      | Reached XP level 5. HP: 17/34 MP: 4/8
  3741 | D:4      | Reached skill level 4 in Unarmed Combat
  3771 | D:4      | Reached XP level 6. HP: 39/39 MP: 6/10
  4065 | D:4      | Reached * piety under Cheibriados
  4155 | D:5      | Entered Level 5 of the Dungeon
  4281 | D:6      | Noticed Grinder
  4706 | D:5      | Reached XP level 7. HP: 25/45 MP: 8/11
  5159 | D:5      | Reached skill level 5 in Unarmed Combat
  5399 | D:5      | Learned a level 5 spell: Blade Hands
  5604 | D:5      | Found Wilaa's Gadget Shop.
  5742 | D:5      | Reached ** piety under Cheibriados
  5929 | D:4      | Found a staircase to the Ecumenical Temple.
  6316 | D:5      | Reached skill level 1 in Invocations
  6316 | D:5      | Reached XP level 8. HP: 52/52 MP: 9/13
  6431 | D:6      | Killed Grinder
  6431 | D:6      | Reached skill level 5 in Transmutations
  7162 | D:6      | Found Tommockae's Armour Emporium.
  7221 | D:6      | Bought a cursed +0 buckler for 16 gold pieces
  7281 | D:7      | Reached skill level 6 in Unarmed Combat
  7519 | D:7      | Reached skill level 1 in Shields
  7522 | D:7      | Reached *** piety under Cheibriados
  7525 | D:7      | Reached XP level 9. HP: 32/58 MP: 13/15
  8001 | D:7      | Learned a level 4 spell: Ice Form
  8601 | D:8      | Reached skill level 7 in Unarmed Combat
  8604 | D:8      | Reached **** piety under Cheibriados
  9047 | D:8      | Found a glowing golden altar of the Shining One.
  9050 | D:8      | Found an iron altar of Okawaru.
  9053 | D:8      | Found an ancient bone altar of Kikubaaqudgha.
  9233 | D:8      | Found a sparkling altar of Nemelex Xobeh.
  9490 | D:9      | Reached skill level 5 in Dodging
  9734 | D:10     | Entered Level 10 of the Dungeon
  9808 | D:10     | Found a staircase to the Orcish Mines.
  9878 | D:9      | Found a sparkling altar of Nemelex Xobeh.
  9936 | D:9      | Reached XP level 10. HP: 64/64 MP: 17/17
  9994 | D:9      | Reached skill level 1 in Ice Magic
 10005 | D:9      | Reached ***** piety under Cheibriados
 10051 | D:9      | Found an iron altar of Okawaru.
 10056 | D:9      | Found a glowing silver altar of Zin.
 10101 | D:9      | Found a hazy altar of Hepliaklqana.
 10502 | D:10     | Identified the Guide on Aerial Dislocation
 10720 | D:10     | Reached skill level 5 in Fighting
 10720 | D:10     | Reached skill level 5 in Spellcasting
 10829 | D:10     | Reached skill level 8 in Unarmed Combat
 11675 | D:11     | Noticed a red ugly thing
 12006 | D:11     | Noticed an eight-headed hydra
 12073 | D:10     | Mangled by an eight-headed hydra

Levels and vault maps discovered:
D:1:      dpeg_arrival_more_subterranean_lakeside_camping, layout_rooms,
          xom_teletrap_fun
D:2:      layout_rooms
D:3:      minmay_evil_eye, layout_basic, lemuel_coloured_pillars_altar,
          serial_forest, infiniplex_forest_end_2, infiniplex_forest_fountain,
          infiniplex_forest_zigzag_2, infiniplex_forest_lined_room_3,
          infiniplex_forest_lined_corner, infiniplex_forest_corner_1,
          infiniplex_forest_straight_4, infiniplex_forest_straight_2
D:4:      layout_loops_ring, minmay_temple_entry_slanted
D:5:      layout_loops_ring, first_ration, serial_shops, shop
D:6:      layout_loops_corners, serial_shops,
          nicolae_shop_competitors_out_of_business, minmay_holes, uniq_grinder
D:7:      layout_loops_cross, kb_lookout_dungeons_type
D:8:      layout_loops_ring, grunt_temple_overflow_diamond, st_stairs_4,
          grunt_ogre_cave, nemelex_spade_bored_becter
D:9:      layout_basic, kennysheep_mini, old_standard_altar,
          overflow_temple_1_default, corexii_hall_statues_deadend,
          okawaru_ov_weapons_minmay
D:10:     layout_irregular_city, orc_david_3, nicolae_lava_and_water
D:11:     layout_cave_pools, due_lair_maze_entry_diamond, uniq_gastronok

Skill      XL: |  1  2  3  4  5  6  7  8  9 10 |
---------------+-------------------------------+-----
Poison Magic   | 1 2 3 |  3.0
Transmutations | 3 4 6 7 |  7.3
Unarmed Combat | 4 5 6 7 8 |  8.3
Fighting       | 2 3 4 5 |  5.3
Dodging        | 3 4 5 |  5.7
Spellcasting   | 3 4 5 |  5.2
Invocations    | 1 2 3 4 |  4.7
Shields        | 1 3 4 |  4.0
Ice Magic      | 2 |  2.1
Throwing       | |  0.5

Action                   |  1- 3 |  4- 6 |  7- 9 | 10-12 || total
-------------------------+-------+-------+-------+-------++-------
Melee: Unarmed           |    79 |   188 |   309 |   130 ||   706
       Constrict         |    22 |    30 |    44 |    13 ||   109
       Tentacles         |    10 |    33 |    39 |    27 ||   109
       Kick              |     1 |    21 |    15 |       ||    37
       Punch             |       |     9 |     3 |     7 ||    19
Throw: Stone             |     4 |    13 |    43 |    26 ||    86
       Boomerang         |       |       |       |     2 ||     2
 Cast: Beastly Appendage |     1 |    12 |     6 |       ||    19
       Sticks to Snakes  |       |     4 |     3 |       ||     7
       Spider Form       |       |     5 |    13 |     4 ||    22
       Blade Hands       |       |       |     4 |     5 ||     9
       Ice Form          |       |       |     3 |     5 ||     8
Invok: Bend Time         |       |       |       |     1 ||     1
  Use: Scroll            |       |     7 |     9 |     5 ||    21
       Potion            |       |     2 |       |     2 ||     4
 Stab: Sleeping          |     4 |     4 |     3 |     1 ||    12
  Eat: Chunk             |     2 |    10 |    10 |     5 ||    27
Armor: Skin              |    10 |    10 |    20 |    23 ||    63
Dodge: Dodged            |    53 |   138 |   218 |   149 ||   558
Block: Other             |       |     7 |    20 |    13 ||    40
       Reflection        |       |     1 |       |       ||     1
       Buckler           |       |       |     9 |    20 ||    29

Table legend:
 A = Non-vault XP
 B = Vault XP
 C = Vault XP percentage of total XP
 D = Non-vault monster count
 E = Vault monster count
 F = Vault count percentage of total count
                 A         B        C        D         E       F
            +---------+---------+-------+---------+---------+-------
      Total |    6979 |    1199 |  14.7 |     215 |      16 |   6.9
            +---------+---------+-------+---------+---------+-------
        D:1 |      43 |       0 |   0.0 |      19 |       0 |   0.0
        D:2 |      45 |       0 |   0.0 |      17 |       0 |   0.0
        D:3 |      68 |       6 |   8.1 |      24 |       4 |  14.3
        D:4 |     417 |       0 |   0.0 |      19 |       0 |   0.0
        D:5 |     737 |       0 |   0.0 |      24 |       0 |   0.0
        D:6 |     320 |     236 |  42.4 |      13 |       1 |   7.1
        D:7 |    1324 |       0 |   0.0 |      21 |       0 |   0.0
        D:8 |     839 |     127 |  13.1 |      22 |       2 |   8.3
        D:9 |    1193 |     136 |  10.2 |      28 |       2 |   6.7
       D:10 |    1947 |     694 |  26.3 |      26 |       7 |  21.2
       D:11 |      46 |       0 |   0.0 |       2 |       0 |   0.0
            +---------+---------+-------+---------+---------+-------
